 Dungeon Crawl Stone Soup version 0.30.1-11-g7821555f0a (webtiles) character file.

Game seed: 12583386125442562069

3725 groovy9 the Cleaver (level 9, 0/82 HPs)
             Began as a Minotaur Berserker on Jan 13, 2024.
             Was a Priest of Trog.
             Slain by an orc warlord
             ... wielding a +4 battleaxe
              (30 damage)
             ... in a bailey.
             The game lasted 00:18:15 (6263 turns).

groovy9 the Cleaver (Minotaur Berserker)            Turns: 6263, Time: 00:18:16

Health: 0/82       AC:  7    Str: 32    XL:     9   Next: 92%
Magic:  8/8        EV: 14    Int:  4    God:    Trog [***...]
Gold:   595        SH:  0    Dex: 10    Spells: 8/8 levels left

rFire   + . .        d - +1 war axe
rCold   + + .        (no shield)
rNeg    . . .        a - +1 leather armour {rC+}
rPois   +            (helmet restricted)
rElec   +            (no cloak)
rCorr   +            (no gloves)
SInv    .            (no boots)
Will    ++...        (no amulet)
Stlth   +            h - +6 ring of strength
HPRegen 1.33/turn    (no ring)
MPRegen 0.11/turn

%: no passive effects
@: about to teleport, resistant, strong-willed (expiring), on berserk cooldown,
regenerating (expiring), hasted and slowed
A: horns 2, retaliatory headbutt, iridescent scales 1
a: Renounce Religion, Berserk, Trog's Hand


You were in a bailey.
You worshipped Trog.
Trog was most pleased with you.
You visited 1 branch of the dungeon, and saw 7 of its levels.
You also visited: Ossuary and Bailey.

You collected 595 gold pieces.

Inventory:

Hand Weapons
 d - a +1 war axe (weapon)
Armour
 a - a +1 leather armour of cold resistance (worn)
Jewellery
 h - a +6 ring of strength (left hand)
Scrolls
 b - 4 scrolls of poison
 e - 2 scrolls of fog
 f - 4 scrolls of vulnerability
 j - a scroll of torment
 k - 2 scrolls of teleportation
 l - 6 scrolls of blinking
 n - a scroll of magic mapping
 s - 2 scrolls of fear {unknown}
Potions
 g - a potion of attraction
 i - 2 potions of mutation
 m - 2 potions of berserk rage
 o - 2 potions of heal wounds
 p - 2 potions of flight
 q - a potion of curing
 r - a potion of invisibility


   Skills:
 + Level 8.5 Fighting
 * Level 11.4 Axes
 + Level 8.0 Armour
 + Level 7.2 Dodging


You had 8 spell levels left.
You didn't know any spells.
Your spell library was empty.

Dungeon Overview and Level Annotations

Branches:
Dungeon (7/15)             Temple (0/1) D:7         Ossuary (visited)
 Bailey (1/1)

Altars:
Dithmenos
Elyvilon
Hepliaklqana
Kikubaaqudgha
Makhleb
Ru
Vehumet

Annotations:
D:4 1 runed translucent door, turdburglar's ghost, novice DrTm


Innate Abilities, Weirdness & Mutations

You have a pair of horns on your head.
You reflexively headbutt those who attack you in melee.
You are partially covered in iridescent scales. (AC +2)


Message History

Okay, then.
Blink to where?
Press: ? - help, Dir - move target
As you read the scroll of blinking, it crumbles to dust.
The kobold misses you.
You hit the kobold. Your headbutt misses the kobold.
The kobold is severely wounded.
The kobold closely misses you.
You barely miss the kobold.
The kobold is severely wounded.
The kobold hits you but does no damage.
You barely miss the kobold.
The kobold is severely wounded.
You hit the orc warlord but do no damage.
The kobold hits you but does no damage.
The orc warlord hits you with a +4 battleaxe!!
* * * LOW HITPOINT WARNING * * *
You feel much better. The kobold hits you but does no damage.
The orc warlord closely misses you. You furiously retaliate!
You headbutt the orc warlord.
As you read the scroll of teleportation, it crumbles to dust.
You feel strangely unstable. The kobold completely misses you.
You furiously retaliate!
You headbutt the kobold!
You kill the kobold!
Trog accepts your kill. The orc warlord misses you.
You slice the orc warlord!!
The orc warlord is almost dead.
You hit the orc warlord but do no damage.
Your headbutt misses the orc warlord.
The orc warlord is almost dead.
You feel the effects of Trog's Hand fading.
The orc warlord hits you with a +4 battleaxe!
You slash the orc warlord!
The orc warlord is almost dead.
The orc warlord hits you with a +4 battleaxe.
You hit the orc warlord but do no damage.
The orc warlord is almost dead.
The orc warlord hits you with a +4 battleaxe!!
You die...

##### ##### ##...## ##...##
##.....## ##.....##
##.......#######)......##
##..8..8...)......)8..8..##
#..........o..............#
#.........@(..............#
#...8......#')'#......8...#
##......####~~~####......##
♣##.....#~~~~~~~~~#.....##♣
♣.##.)..#~.8...8.~#....##.♣
♣♣..###'###.......###'###..♣
♣...~~~.#~~.8...8.~ #.~~)...
♣...~~~.#~.........~#.~~~...
∩...~~~.#~....∩....~#.~~)...


You could see an orc warlord.

Vanquished Creatures
  A gargoyle (D:5)
  A hornet (D:6)
  Grinder (D:4)
  A vampire (D:7)
  Eustachio (D:5)
  A yak (D:7)
  Duvessa (D:7)
  2 water moccasins
  5 orc warriors (Bailey)
  2 ice beasts
  A sky beast (D:6)
  3 black bears
  An ogre (D:4)
  A centaur (D:5)
  A phantom (D:5)
  Blork the orc (D:4)
  4 scorpions
  Dowan (D:7)
  A howler monkey (D:4)
  3 hounds
  A jelly (D:5)
  3 iguanas
  2 orc wizards (D:5)
  8 mummies (Ossuary)
  8 gnolls
  11 adders
  3 white imps
  An ufetubus (D:5)
  3 worms
  7 dart slugs
  16 orcs
  6 bats
  3 endoplasms
  4 giant cockroaches
  12 goblins
  8 hobgoblins
  7 jackals
  4 quokkas
  3 ball pythons (D:4)
  3 frilled lizards (D:3)
  4 hobgoblin zombies (Ossuary)
  17 kobolds
  4 kobold zombies (Ossuary)
  5 rats
176 creatures vanquished.

Notes
Turn   | Place    | Note
-------+----------+-------------------------------------------
     0 | D:1      | groovy9 the Minotaur Berserker began the quest for the Orb.
     0 | D:1      | Reached XP level 1. HP: 19/19 MP: 0/0
   501 | D:1      | Reached XP level 2. HP: 26/27 MP: 1/1
   502 | D:1      | Reached skill level 4 in Axes
   905 | D:1      | Found a faded altar of an unknown god.
  1090 | D:2      | Reached XP level 3. HP: 32/33 MP: 2/2
  1343 | D:2      | Reached XP level 4. HP: 37/40 MP: 3/3
  1533 | D:2      | Gained mutation: You are partially covered in iridescent
                  | scales. (AC +2) [potion of mutation]
  2036 | D:3      | Found a burning altar of Makhleb.
  2076 | D:3      | Reached skill level 5 in Axes
  2079 | D:3      | Reached ** piety under Trog
  2267 | D:3      | Found a white marble altar of Elyvilon.
  2332 | D:3      | Reached XP level 5. HP: 43/47 MP: 4/4
  2868 | D:4      | Noticed Blork the orc
  2872 | D:4      | Killed Blork the orc
  2873 | D:4      | Reached skill level 5 in Fighting
  2873 | D:4      | Reached skill level 6 in Axes
  2873 | D:4      | Reached XP level 6. HP: 56/56 MP: 5/5
  2959 | D:4      | Noticed Grinder
  2982 | D:4      | Killed Grinder
  2983 | D:4      | Reached skill level 7 in Axes
  2983 | D:4      | Reached XP level 7. HP: 61/61 MP: 6/6
  3196 | D:4      | Found a runed translucent door.
  3197 | D:4      | Noticed turdburglar's ghost (novice DrTm)
  3380 | D:4      | Reached skill level 5 in Armour
  3501 | D:5      | Entered Level 5 of the Dungeon
  3568 | D:5      | Noticed a gargoyle
  3569 | D:5      | Found a radiant altar of Vehumet.
  3586 | D:5      | Reached XP level 8. HP: 70/70 MP: 7/7
  3592 | D:5      | Reached *** piety under Trog
  3594 | D:5      | Reached skill level 5 in Dodging
  3599 | D:5      | Reached skill level 8 in Axes
  3745 | D:5      | Killed a gargoyle
  3806 | D:5      | Reached skill level 9 in Axes
  3906 | D:5      | Found a sand-covered staircase.
  3917 | Ossuary  | Entered an ossuary
  4336 | D:5      | Noticed Eustachio
  4349 | D:5      | Killed Eustachio
  4418 | D:5      | Found a hazy altar of Hepliaklqana.
  4418 | D:5      | Found an ancient bone altar of Kikubaaqudgha.
  4508 | D:5      | Reached XP level 9. HP: 60/79 MP: 8/8
  4992 | D:6      | Found a large runed translucent door.
  4993 | D:6      | Found a large runed translucent door.
  5098 | D:6      | Reached skill level 10 in Axes
  5568 | D:6      | Found a shadowy altar of Dithmenos.
  5616 | D:6      | Found a sacrificial altar of Ru.
  5713 | D:7      | Noticed Duvessa
  5714 | D:7      | Noticed Dowan
  5722 | D:7      | Killed Duvessa
  5725 | D:7      | Killed Dowan
  5738 | D:7      | Found a staircase to the Ecumenical Temple.
  5958 | D:7      | Reached skill level 11 in Axes
  5990 | D:7      | Found a flagged portal.
  5997 | Bailey   | Entered a bailey
  6023 | Bailey   | Noticed an orc warlord
  6139 | Bailey   | Found a runed translucent gate.
  6142 | Bailey   | Found a runed translucent gate.
  6144 | Bailey   | Found a runed translucent gate.
  6263 | Bailey   | Slain by an orc warlord

Illustrated notes

Levels and vault maps discovered:
D:1:      amcnicky_arrival_wind_blow, layout_loops_corners,
          shapermc_ecumenical_altar_flowoftime
D:2:      layout_loops_ring
D:3:      layout_loops_ring, mainiacjoe_overflow_paths, bloody_makhleb,
          hangedman_glass_teeth, eino_tiny_chamber,
          chequers_serial_rivers_small_3
D:4:      black_bear_nest_1, layout_rooms, ebering_ghost_inner_flame,
          uniq_grinder, uniq_blork_the_orc
D:5:      layout_loops_ring, mainiacjoe_overflow_alcove_4,
          gammafunk_temple_overflow_wave, nicolae_ossuary_entry_monument,
          hangedman_abyss_or_decor_slice, uniq_eustachio
D:6:      layout_basic, jmf_multi_god_temple2
D:7:      layout_layer_cave, minmay_temple_entry_glass, enter_bailey_3,
          uniq_duvessa
Bailey:   bailey_axe_bossmonster_kennysheep, bailey

Skill      XL: |  1  2  3  4  5  6  7  8  9 |
---------------+----------------------------+-----
Axes           | 4 5 6 7 9 11 | 11.4
Fighting       | 4 5 6 7 8 |  8.5
Armour         | 3 4 5 6 8 |  8.0
Dodging        | 3 4 6 7 |  7.2

Action                     |  1- 3 |  4- 6 |  7- 9 || total
---------------------------+-------+-------+-------++-------
  Melee: Hand axe          |    37 |       |       ||    37
         Headbutt          |     5 |    15 |    54 ||    74
         War axe           |     6 |   118 |   238 ||   362
         Punch             |       |       |     3 ||     3
 Invoke: Berserk           |     1 |     2 |     5 ||     8
         Trog's Hand       |       |     3 |     7 ||    10
    Use: Potion            |     3 |     4 |     6 ||    13
         Scroll            |     1 |     1 |    11 ||    13
   Stab: Sleeping          |     1 |     1 |       ||     2
 Armour: Animal skin       |     6 |       |       ||     6
         Leather armour    |       |    38 |    52 ||    90
  Dodge: Dodged            |    44 |    76 |   135 ||   255
